 Dungeon Crawl Stone Soup version 0.26-a0-812-g31a745ddcd (webtiles) character file.

Game seed: 798728388639034543

5138 kae the Carver (level 10, -1/91 HPs)
             Began as a Minotaur Fighter on Nov 25, 2020.
             Was an Initiate of Qazlal.
             Slain by a warg (5 damage)
             ... on level 7 of the Dungeon.
             The game lasted 00:05:18 (7619 turns).

kae the Carver (Minotaur Fighter)                   Turns: 7619, Time: 00:05:18

Health: -1/91      AC: 11    Str: 24    XL:     10   Next: 33%
Magic:  9/9        EV:  9    Int:  5    God:    Qazlal [......]
Gold:   26         SH: 12    Dex: 10    Spells: 9/9 levels left

rFire    . . .     SeeInvis .   h - +2 falchion (holy)
rCold    . . .     Faith    .   c - +0 kite shield
rNeg     . . .     Spirit   .   b - +0 scale mail
rPois    .         Reflect  .   (helmet restricted)
rElec    .         Harm     .   p - scarf {+Inv}
rCorr    +         Rampage  .   f - +2 pair of gloves
MR       .....                  (no boots)
Stlth    ..........             (no amulet)
HPRegen  0.25/turn              (no ring)
MPRegen  0.11/turn              t - ring of resist corrosion

@: mighty
A: retaliatory headbutt, horns 2
a: Renounce Religion, Evoke Invisibility


You were on level 7 of the Dungeon.
You worshipped Qazlal.
Qazlal was noncommittal.
You visited 2 branches of the dungeon, and saw 8 of its levels.

You collected 382 gold pieces.
You spent 356 gold pieces at shops.

Inventory:

Hand Weapons
 a - a +1 long sword
 h - a +2 falchion of holy wrath (weapon)
Armour
 b - a +0 scale mail (worn)
 c - a +0 kite shield (worn)
 f - a +2 pair of gloves (worn)
 p - a scarf of invisibility (worn)
Jewellery
 t - a ring of resist corrosion (right hand)
Wands
 A - a wand of enslavement (6)
 B - a wand of polymorph (6)
 C - a wand of flame (18)
Scrolls
 g - 6 scrolls of teleportation
 j - 2 scrolls of magic mapping
 m - 2 scrolls of identify
 n - 2 scrolls of amnesia
 s - 4 scrolls of remove curse
 x - a scroll of fear
 y - a scroll of enchant armour
Potions
 e - 3 potions of ambrosia
 i - a potion of lignification
 l - 3 potions of mutation
 o - 3 potions of cancellation
 q - 2 potions of brilliance {unknown}
 r - a potion of magic
 u - a potion of attraction
 v - 3 potions of resistance {unknown}
 w - 5 potions of curing
 z - a potion of flight {unknown}


   Skills:
 + Level 9.4 Fighting
 * Level 12.2 Long Blades
 + Level 9.4 Armour
 + Level 9.4 Shields
 + Level 4.2 Evocations


You had 9 spell levels left.
You didn't know any spells.
Your spell library contained the following spells:

 Spells                   Type           Power        Failure   Level
 Corona                   Hex            #......      93%         1
 Shock                    Conj/Air       #...         93%         1
 Ensorcelled Hibernation  Hex/Ice        #.....       98%         2
 Swiftness                Air            #.......     98%         2
 Confusing Touch          Hex            #.......     100%        3
 Dazzling Flash           Conj/Hex       #.....       100%        3
 Static Discharge         Conj/Air       #.......     100%        3
 Tukima's Dance           Hex            #.......     100%        3
 Airstrike                Air            #.........   100%        4
 Lightning Bolt           Conj/Air       #.........   100%        5


Dungeon Overview and Level Annotations

Branches:
Dungeon (7/15)             Temple (1/1) D:7

Altars:
Cheibriados
Dithmenos
Elyvilon
Fedhas
Gozag
Hepliaklqana
Kikubaaqudgha
Makhleb
Nemelex Xobeh
Okawaru
Qazlal
Ru
Sif Muna
Trog
Uskayaw
Wu Jian
Yredelemnul
Zin
The Shining One

Shops:
D:4 (   D:6 !   D:7 ?


Innate Abilities, Weirdness & Mutations

You reflexively headbutt those who attack you in melee.
You have a pair of horns on your head.


Message History

You feel less wooden.
Your scarf of invisibility unmelds from your body.
Your +2 pair of gloves unmelds from your body.
Your +0 scale mail unmelds from your body.
You become transparent for a moment.
The warg bites you but does no damage. You block the warg's attack.
The warg bites you but does no damage.
You slice the warg!!
The warg is almost dead.
The warg bites you!
* * * LOW HITPOINT WARNING * * *
You block the warg's attack. x2
You miss the warg.
The warg is almost dead.
You block the warg's attack. The warg bites you but does no damage.
You closely miss the warg.
You headbutt the warg, but do no damage.
The warg is almost dead.
You block the warg's attack. The warg bites you but does no damage.
The warg bites you.
You die...

#.≈≈≈).P.# #.≈≈≈....#
#+###≈≈....#
###########...#≈≈P...#
........."#oo.#≈≈....#
≈≈≈≈≈≈≈≈≈≈#####≈≈....#
≈≈≈≈≈≈≈≈≈≈≈≈≈≈≈≈≈....#
≈≈≈≈≈≈≈††≈≈≈≈≈≈≈≈..[.#
.......h@†......P....#
....P..hh............#
######################


You could see 3 wargs.

Vanquished Creatures
  Pikel (D:3)
  Menkaure (D:7)
  6 wargs (D:7)
  An orc warrior (D:7)
  Duvessa (D:3)
  A phantom (Temple)
  An ogre (D:4)
  A centaur (D:7)
  Blork the orc (D:3)
  2 bullfrogs
  Dowan (D:3)
  A scorpion (D:4)
  3 killer bees
  A howler monkey (D:4)
  4 bullfrog zombies
  A quasit (D:7)
  2 hounds
  7 orc priests
  3 bullfrog skeletons
  A jelly (D:5)
  A centaur skeleton (D:4)
  5 iguanas
  2 orc wizards
  Natasha (thrice) (D:4)
  4 worker ants
  3 hound zombies
  A hound skeleton (D:6)
  7 gnolls
  9 adders
  2 shadow imps (D:6)
  An ufetubus (D:7)
  4 adder zombies (D:4)
  An adder skeleton (D:4)
  4 worms
  2 dart slugs
  6 leopard geckos
  24 orcs
  3 giant cockroaches
  4 goblins
  3 hobgoblins
  2 quokkas
  4 ball pythons
  5 bats
  5 frilled lizards
  A jackal skeleton (D:4)
  A jackal zombie (D:4)
  6 kobolds
  3 quokka skeletons
  A quokka zombie (D:4)
  6 rats
163 creatures vanquished.

Vanquished Creatures (others)
  3 plants (D:7)
  3 withered plants (D:4)
6 creatures vanquished.

Grand Total: 169 creatures vanquished

Notes
Turn   | Place    | Note
-------+----------+-------------------------------------------
     0 | D:1      | kae the Minotaur Fighter began the quest for the Orb.
     0 | D:1      | Reached XP level 1. HP: 19/19 MP: 0/0
   359 | D:1      | Reached XP level 2. HP: 27/27 MP: 1/1
   488 | D:1      | Reached skill level 3 in Long Blades
   845 | D:2      | Reached XP level 3. HP: 31/33 MP: 2/2
  1321 | D:3      | Found a faded altar of an unknown god.
  1321 | D:3      | Found a burning altar of Makhleb.
  1327 | D:3      | Found a white marble altar of Elyvilon.
  1329 | D:3      | Found a blossoming altar of Fedhas.
  1331 | D:3      | Found a sacrificial altar of Ru.
  1708 | D:3      | Reached XP level 4. HP: 40/40 MP: 3/3
  1971 | D:3      | Reached skill level 4 in Long Blades
  2119 | D:4      | Noticed Duvessa
  2120 | D:4      | Noticed Natasha
  2120 | D:4      | Noticed Dowan
  2527 | D:4      | Reached skill level 1 in Evocations
  2527 | D:4      | Reached XP level 5. HP: 35/47 MP: 4/4
  2546 | D:4      | Noticed Blork the orc
  2695 | D:3      | Killed Blork the orc
  3022 | D:3      | Killed Duvessa
  3022 | D:3      | Reached skill level 5 in Long Blades
  3022 | D:3      | Reached XP level 6. HP: 25/55 MP: 5/5
  3030 | D:3      | Killed Dowan
  3200 | D:4      | Reached skill level 5 in Fighting
  3211 | D:3      | Reached skill level 5 in Shields
  3217 | D:3      | Reached skill level 5 in Armour
  3410 | D:4      | Killed Natasha
  3421 | D:4      | Reached XP level 7. HP: 47/61 MP: 6/6
  3523 | D:4      | Noticed Natasha
  3528 | D:4      | Killed Natasha
  3560 | D:4      | Noticed Natasha
  3800 | D:4      | Killed Natasha
  3800 | D:4      | Reached skill level 6 in Long Blades
  3895 | D:4      | Noticed Pikel
  3930 | D:3      | Killed Pikel
  3930 | D:3      | Reached skill level 7 in Long Blades
  3930 | D:3      | Reached XP level 8. HP: 10/70 MP: 7/7
  4364 | D:4      | Found Jielur's Antique Weapon Boutique.
  5157 | D:4      | Reached skill level 8 in Long Blades
  5270 | D:5      | Entered Level 5 of the Dungeon
  6019 | D:6      | Reached skill level 11 in Long Blades
  6019 | D:6      | Reached XP level 9. HP: 83/83 MP: 8/8
  6303 | D:6      | Found Baproh's Distillery.
  6306 | D:6      | Bought a potion of curing for 36 gold pieces
  6306 | D:6      | Bought a potion of curing for 36 gold pieces
  6306 | D:6      | Bought a potion of lignification for 36 gold pieces
  6306 | D:6      | Bought a potion of mutation for 96 gold pieces
  6306 | D:6      | Bought a potion of heal wounds for 60 gold pieces
  6306 | D:6      | Bought a potion of heal wounds for 60 gold pieces
  6543 | D:7      | Found a staircase to the Ecumenical Temple.
  6573 | Temple   | Entered the Ecumenical Temple
  6581 | Temple   | Reached XP level 10. HP: 16/91 MP: 9/9
  7000 | Temple   | Became a worshipper of Qazlal Stormbringer
  7145 | D:7      | Reached skill level 12 in Long Blades
  7338 | D:7      | Noticed Menkaure
  7355 | D:7      | Killed Menkaure
  7366 | D:7      | Found Atunuzy's Magic Scroll Emporium.
  7396 | D:7      | Bought a scroll of identify for 32 gold pieces
  7617 | D:7      | HP: 4/91 [warg (8)]
  7619 | D:7      | Slain by a warg

Illustrated notes

Levels and vault maps discovered:
D:1:      dpeg_arrival_tiny_k, layout_rooms, minmay_door_square
D:2:      layout_rooms
D:3:      layout_loops_corners, chequers_temple_overflow_minitemple
D:4:      minmay_clustersquares, layout_rooms, serial_shops,
          nicolae_shop_behind_doors, serial_undead, serial_undead_d,
          serial_undead_e, serial_undead_b, serial_undead_f, serial_undead_b,
          serial_undead_f, serial_undead_d, uniq_blork_the_orc, uniq_pikel,
          uniq_duvessa, uniq_natasha
D:5:      layout_loops_cross, eino_curves_01, hangedman_abyss_or_decor_stagger,
          minmay_misc_feat_roman
D:6:      layout_cave_pools, serial_shops, nicolae_shop_behind_doors
D:7:      lemuel_castle_with_subvaults [lemuel_castle_interior_carwin_1],
          layout_basic, minmay_temple_entry_gardened_gates,
          gammafunk_ghost_grave, serial_shops, shop, uniq_menkaure
Temple:   regret_index_temple_waves

Skill      XL: |  1  2  3  4  5  6  7  8  9 10 |
---------------+-------------------------------+-----
Long Blades    | 3 4 5 7 11 12 | 12.2
Armour         | 4 5 9 |  9.4
Shields        | 4 5 9 |  9.4
Fighting       | 4 5 9 |  9.4
Evocations     | 1 2 3 4 |  4.2

Action                   |  1- 3 |  4- 6 |  7- 9 | 10-12 || total
-------------------------+-------+-------+-------+-------++-------
Melee: Long sword        |    90 |    94 |   130 |       ||   314
       Headbutt          |    10 |    24 |    42 |    16 ||    92
       Unarmed           |       |     3 |       |       ||     3
       Falchion          |       |       |   124 |   117 ||   241
  Use: Scroll            |       |    10 |     7 |       ||    17
       Potion            |       |     1 |     1 |     5 ||     7
Armor: Scale mail        |    29 |    53 |    86 |    31 ||   199
       Skin              |       |       |       |    70 ||    70
Dodge: Dodged            |    25 |    36 |    69 |    24 ||   154
Block: Kite shield       |    49 |    58 |   146 |   105 ||   358
       Rpst.: Long sword |     5 |    11 |     6 |       ||    22
       Falchion          |       |       |     9 |     1 ||    10

Table legend: (Time is in decaauts)
 A = Elapsed time spent in this place.
 B = Non-inter-level travel time spent in this place.
 C = Inter-level travel time spent in this place.
 D = Time resting spent in this place.
 E = Time spent auto-exploring this place.
 F = Levels seen in this place.
 G = Mean time per level.
                   A        B        C        D        E       F      G
               +--------+--------+--------+--------+--------+-----+--------+
         Total |   7650 |   7419 |    231 |   2023 |   4242 |   8 |  956.2 |
       Dungeon |   7147 |   6979 |    168 |   1684 |   4174 |   7 | 1021.0 |
        Temple |    502 |    439 |     63 |    339 |     68 |   1 |  502.0 |
               +--------+--------+--------+--------+--------+-----+--------+

Top non-repeatable levels by time:
     D:3: 2883 daAuts
     D:4: 1288 daAuts
     D:1: 647 daAuts
     D:6: 634 daAuts
     D:7: 598 daAuts
     D:5: 574 daAuts
     D:2: 521 daAuts
  Temple: 502 daAuts
